AoeStats
← ThunderboltX

Arabia

509684985Analyzed
1v1 RM · 5d ago on Sep 27, 2026· 40m 15s· 2 players
Game mode
Random Map
Map size
Tiny (2 player)
Population
200
Speed
Normal
Resources
Standard
Victory
Conquest
Starting age
Dark Age
Ending age
Imperial Age
RankedLock teamsTeams togetherTeam positionsShared explorationLock speedFull tech treeHidden civsTurbo modeCheats
Victory
Defeat
🇧🇬 Mapuche · Bulgaria
2355
+5
🇸🇪 Burmese · Sweden
2048
-5
19x2026
4:59 Loom
9:15 Feudal Age
12:55 Fletching
19:22 Castle Age
17:36 Horse Collar
18:33 Bloodlines
19:03 Scale Barding Armor
20:10 Bodkin Arrow
20:40 Husbandry
20:58 Husbandry
24:11 Town Watch
26:11 Wheelbarrow
27:24 Sanctity
27:45 Redemption
28:06 Atonement
28:16 Fervor
28:31 Redemption
29:11 Hand Cart
29:10 Fervor
35:21 Imperial Age
36:31 Block Printing
36:47 Illumination
36:58 Theocracy
38:01 Bodkin Arrow
38:35 Heavy Plow
39:34 Pikeman
40:15 Squires
ThunderboltX
7:44 Loom
10:59 Feudal Age
11:28 Double-Bit Axe
11:28 Horse Collar
19:48 Castle Age
18:21 Fletching
18:38 Gold Mining
19:08 Padded Archer Armor
20:29 Bodkin Arrow
20:47 Bow Saw
20:17 Elite Skirmisher
24:54 Heavy Plow
26:46 Ballistics
29:27 Wheelbarrow
30:36 Leather Archer Armor
36:01 Gold Shaft Mining
35:17 Stone Mining
35:48 Hand Cart
35:41 Malon
37:00 Forging
38:25 Iron Casting
41:20 Imperial Age
Connection lost

Rejoining the realm…

Still unreachable

The connection could not be restored.

Session expired

The server has moved on; the page needs a fresh start.